TOP OF THE 1ST |
Madison Bombers batting - Pitching for Greenville 84s : RHP Andrés Vázquez
|
Pitching: RHP Andrés Vázquez
|
|
Batting: RHB Guo-xiu Choi
|
0-0: Foul Ball, location: 2F 0-1: Fly out, F8 (Flyball, 89S)
|
Batting: RHB Alonso Holguín
|
0-0: Ball 1-0: Foul Ball, location: 2F 1-1: Ball 2-1: Called Strike 2-2: Strikes out looking
|
Batting: LHB Seung-chun Mun
|
0-0: Ball 1-0: Foul Ball, location: 2F 1-1: SINGLE (Line Drive, 3D)
|
Batting: LHB Mike Callahan
|
0-0: Foul Ball, location: 2F 0-1: Ball 1-1: Ball 2-1: Ball 3-1: Called Strike 3-2: Strikes out swinging
|
Top of the 1st over - 0 run(s), 1 hit(s), 0 error(s), 1 left on base; Madison 0 - Greenville 0 |
BOTTOM OF THE 1ST |
Greenville 84s batting - Pitching for Madison Bombers : RHP Ramón Rodríguez
|
Pitching: RHP Ramón Rodríguez
|
|
Batting: RHB Carlos Torres
|
0-0: Ball 1-0: Fly out, F9 (Flyball, 9M)
|
Batting: LHB Paco Rosas
|
0-0: Called Strike 0-1: Ball 1-1: Ball 2-1: Ground out 1-3 (Groundball, 15S)
|
Batting: RHB Vic Langlois
|
0-0: Ball 1-0: Ball 2-0: Ball 3-0: Called Strike 3-1: Foul Ball, location: 2F 3-2: Base on Balls
|
Batting: LHB Brock Larsen
|
0-0: Ball 1-0: Foul Ball, location: 2F 1-1: Fly out, F6 (Popup, 56)
|
Bottom of the 1st over - 0 run(s), 0 hit(s), 0 error(s), 1 left on base; Madison 0 - Greenville 0 |
TOP OF THE 2ND |
Madison Bombers batting - Pitching for Greenville 84s : RHP Andrés Vázquez
|
Batting: RHB Sergio Márquez
|
0-0: Called Strike 0-1: Ball 1-1: Foul Ball, location: 2F 1-2: Strikes out looking
|
Batting: LHB Sixto Cantú
|
0-0: Foul Ball, location: 2F 0-1: Swinging Strike 0-2: Ball 1-2: Strikes out swinging
|
Batting: SHB Ricardo Arévalo
|
0-0: Fly out, F6 (Popup, 5D)
|
Top of the 2nd over - 0 run(s), 0 hit(s), 0 error(s), 0 left on base; Madison 0 - Greenville 0 |
BOTTOM OF THE 2ND |
Greenville 84s batting - Pitching for Madison Bombers : RHP Ramón Rodríguez
|
Batting: LHB Jimmy Vickers
|
0-0: Ball 1-0: Foul Ball, location: 2F 1-1: Ground out 4-3 (Groundball, 34)
|
Batting: LHB Kiyonaga Morita
|
0-0: SINGLE (Flyball, 8LS)
|
Batting: SHB Gilberto Guzmán
|
0-0: Fielders Choice at 2nd, 4-6 (Groundball, 4)
|
Batting: LHB Chris Moore
|
0-0: DOUBLE (Line Drive, 78D) Gilberto Guzmán to third Runner from 3rd tries for Home, throw and OUT!
|
Bottom of the 2nd over - 0 run(s), 2 hit(s), 0 error(s), 1 left on base; Madison 0 - Greenville 0 |
TOP OF THE 3RD |
Madison Bombers batting - Pitching for Greenville 84s : RHP Andrés Vázquez
|
Batting: SHB Dave MacThomas
|
0-0: Ball 1-0: Ground out 6-3 (Groundball, 6)
|
Batting: LHB José Feliciano
|
0-0: Called Strike 0-1: Foul Ball, location: 2F 0-2: Ball 1-2: Foul Ball, location: 2F 1-2: Strikes out swinging
|
Batting: RHB Guo-xiu Choi
|
0-0: Ball 1-0: Called Strike 1-1: Ball 2-1: Foul Ball, location: 2F 2-2: Ball 3-2: Base on Balls
|
Batting: RHB Alonso Holguín
|
0-0: Ball 1-0: Ball 2-0: Ground out 3-1 (Groundball, 34)
|
Top of the 3rd over - 0 run(s), 0 hit(s), 0 error(s), 1 left on base; Madison 0 - Greenville 0 |
BOTTOM OF THE 3RD |
Greenville 84s batting - Pitching for Madison Bombers : RHP Ramón Rodríguez
|
Batting: LHB Mario Cornelo
|
0-0: Ball 1-0: Called Strike 1-1: Ball 2-1: Ball 3-1: Base on Balls
|
Batting: RHB Carlos Torres
|
0-0: Called Strike 0-1: Called Strike 0-2: Ball 1-2: Strikes out looking
|
Batting: LHB Paco Rosas
|
0-0: Ball Mario Cornelo steals 2nd base 1-0: Swinging Strike 1-1: Ball Mario Cornelo steals 3rd base 2-1: Ball 3-1: Base on Balls
|
Batting: RHB Vic Langlois
|
0-0: Ball Passed Ball! Mario Cornelo scores Paco Rosas to second 1-0: Ball 2-0: Ball 3-0: Ground out 6-3 (Groundball, 6)
|
Batting: LHB Brock Larsen
|
0-0: Ball 1-0: Ball 2-0: Called Strike 2-1: Foul Ball, location: 2F 2-2: 2-RUN HOME RUN (Flyball, 89XD), Distance : 379 ft
|
Batting: LHB Jimmy Vickers
|
0-0: Called Strike 0-1: Called Strike 0-2: Fly out, F8 (Line Drive, 8LM)
|
Bottom of the 3rd over - 3 run(s), 1 hit(s), 0 error(s), 0 left on base; Madison 0 - Greenville 3 |
TOP OF THE 4TH |
Madison Bombers batting - Pitching for Greenville 84s : RHP Andrés Vázquez
|
Batting: LHB Seung-chun Mun
|
0-0: Called Strike 0-1: Ball 1-1: Swinging Strike 1-2: Strikes out swinging
|
Batting: LHB Mike Callahan
|
0-0: Called Strike 0-1: Ball 1-1: Ball 2-1: DOUBLE (Line Drive, 7LM)
|
Batting: RHB Sergio Márquez
|
0-0: Ball 1-0: Ball 2-0: Ball 3-0: Base on Balls
|
Batting: LHB Sixto Cantú
|
0-0: Foul Ball, location: 2F 0-1: Ball 1-1: Foul Ball, location: 2F 1-2: Ball 2-2: Foul Ball, location: 2F 2-2: TRIPLE (Line Drive, 8RXD) Mike Callahan scores Sergio Márquez scores
|
Batting: SHB Ricardo Arévalo
|
0-0: Ball 1-0: Ball 2-0: Ball 3-0: Base on Balls
|
Batting: SHB Dave MacThomas
|
0-0: Foul Ball, location: 2F 0-1: Ball 1-1: Ball 2-1: Called Strike 2-2: Foul Ball, location: 2F 2-2: Strikes out swinging
|
Batting: LHB José Feliciano
|
0-0: Ball Pickoff Throw to First - Out!
|
Top of the 4th over - 2 run(s), 2 hit(s), 0 error(s), 0 left on base; Madison 2 - Greenville 3 |
BOTTOM OF THE 4TH |
Greenville 84s batting - Pitching for Madison Bombers : RHP Ramón Rodríguez
|
Batting: LHB Kiyonaga Morita
|
0-0: Foul Ball, location: 2F 0-1: Ball 1-1: Swinging Strike 1-2: Ground out 5-3 (Groundball, 6S)
|
Batting: SHB Gilberto Guzmán
|
0-0: Ball 1-0: Ball 2-0: Ground out U3 (Groundball, 3)
|
Batting: LHB Chris Moore
|
0-0: Ball 1-0: Ball 2-0: Ball 3-0: Base on Balls
|
Batting: LHB Mario Cornelo
|
0-0: Called Strike 0-1: Ball 1-1: Foul Ball, location: 2F 1-2: Foul Ball, location: 2F 1-2: Foul Ball, location: 2F 1-2: Foul Ball, location: 2F 1-2: Ball 2-2: Strikes out swinging
|
Bottom of the 4th over - 0 run(s), 0 hit(s), 0 error(s), 1 left on base; Madison 2 - Greenville 3 |
TOP OF THE 5TH |
Madison Bombers batting - Pitching for Greenville 84s : RHP Andrés Vázquez
|
Batting: LHB José Feliciano
|
0-0: Foul Ball, location: 2F 0-1: Swinging Strike 0-2: Ball 1-2: Ground out 2-3 (Groundball, 2L)
|
Batting: RHB Guo-xiu Choi
|
0-0: Called Strike 0-1: Foul Ball, location: 2F 0-2: DOUBLE (Flyball, 78XD)
|
Batting: RHB Alonso Holguín
|
0-0: Ball 1-0: Ball Guo-xiu Choi steals 3rd base 2-0: DOUBLE (Line Drive, 9LS) Guo-xiu Choi scores
|
Batting: LHB Seung-chun Mun
|
0-0: Intentional Walk
|
Batting: LHB Mike Callahan
|
0-0: Foul Ball, location: 2F 0-1: Ball 1-1: Swinging Strike 1-2: Strikes out swinging
|
Batting: RHB Sergio Márquez
|
0-0: Ball 1-0: Called Strike 1-1: Swinging Strike 1-2: Ball 2-2: 3-RUN HOME RUN (Flyball, 9LD), Distance : 339 ft
|
Batting: LHB Sixto Cantú
|
0-0: Ball 1-0: Foul Ball, location: 2F 1-1: Foul Ball, location: 2F 1-2: SINGLE (Line Drive, 4M)
|
Pitching: LHP Manuel Herrera
|
|
Batting: SHB Ricardo Arévalo
|
0-0: Called Strike 0-1: Swinging Strike 0-2: Strikes out swinging
|
Top of the 5th over - 4 run(s), 4 hit(s), 0 error(s), 1 left on base; Madison 6 - Greenville 3 |
BOTTOM OF THE 5TH |
Greenville 84s batting - Pitching for Madison Bombers : RHP Ramón Rodríguez
|
Batting: RHB Carlos Torres
|
0-0: Called Strike 0-1: Ground out 4-3 (Groundball, 4)
|
Batting: LHB Paco Rosas
|
0-0: Called Strike 0-1: Ball 1-1: Ball 2-1: SINGLE (Groundball, 15) (infield hit)
|
Batting: RHB Vic Langlois
|
0-0: Called Strike Paco Rosas is caught stealing 2nd base 0-1: Foul Ball, location: 2F 0-2: Fly out, F7 (Flyball, 7M)
|
Bottom of the 5th over - 0 run(s), 1 hit(s), 0 error(s), 0 left on base; Madison 6 - Greenville 3 |
TOP OF THE 6TH |
Madison Bombers batting - Pitching for Greenville 84s : LHP Manuel Herrera
|
Batting: SHB Dave MacThomas
|
0-0: Foul Ball, location: 2F 0-1: Ball 1-1: Ball 2-1: Foul Ball, location: 2F 2-2: Ball 3-2: Ground out 1-3 (Groundball, 23)
|
Batting: LHB José Feliciano
|
0-0: Ball 1-0: Swinging Strike 1-1: Ground out 3-1 (Groundball, 34S)
|
Batting: RHB Guo-xiu Choi
|
0-0: Ground out 6-3 (Groundball, 6)
|
Top of the 6th over - 0 run(s), 0 hit(s), 0 error(s), 0 left on base; Madison 6 - Greenville 3 |
BOTTOM OF THE 6TH |
Greenville 84s batting - Pitching for Madison Bombers : RHP Ramón Rodríguez
|
Batting: LHB Brock Larsen
|
0-0: SOLO HOME RUN (Flyball, 78XD), Distance : 375 ft
|
Batting: LHB Jimmy Vickers
|
0-0: Swinging Strike 0-1: Ball 1-1: Ball 2-1: Foul Ball, location: 2F 2-2: Foul Ball, location: 2F 2-2: Foul Ball, location: 2F 2-2: Ball 3-2: Strikes out swinging
|
Batting: LHB Kiyonaga Morita
|
0-0: Ball 1-0: Ball 2-0: Ball 3-0: Base on Balls
|
Batting: SHB Gilberto Guzmán
|
0-0: Ball 1-0: Ball Passed Ball! Kiyonaga Morita to second 2-0: Ground out 4-3 (Groundball, 34) Kiyonaga Morita to third
|
Batting: LHB Chris Moore
|
0-0: Foul Ball, location: 2F 0-1: Called Strike 0-2: Ball 1-2: Ground out 6-3 (Groundball, 6)
|
Bottom of the 6th over - 1 run(s), 1 hit(s), 0 error(s), 1 left on base; Madison 6 - Greenville 4 |
TOP OF THE 7TH |
Madison Bombers batting - Pitching for Greenville 84s : LHP Manuel Herrera
|
Batting: RHB Alonso Holguín
|
0-0: Ball 1-0: Foul Ball, location: 2F 1-1: Foul Ball, location: 2F 1-2: Strikes out looking
|
Batting: LHB Seung-chun Mun
|
0-0: Swinging Strike 0-1: Swinging Strike 0-2: Ball 1-2: Strikes out swinging
|
Batting: LHB Mike Callahan
|
0-0: Foul Ball, location: 2F 0-1: Called Strike 0-2: Strikes out swinging
|
Top of the 7th over - 0 run(s), 0 hit(s), 0 error(s), 0 left on base; Madison 6 - Greenville 4 |
BOTTOM OF THE 7TH |
Greenville 84s batting - Pitching for Madison Bombers : RHP Ramón Rodríguez
|
Pitching: RHP Manny Canseco
|
|
Batting: LHB Mario Cornelo
|
0-0: Ground out 6-3 (Groundball, 6)
|
Batting: RHB Carlos Torres
|
0-0: Ball 1-0: Ball 2-0: Called Strike 2-1: Ball 3-1: Base on Balls
|
Batting: LHB Paco Rosas
|
0-0: Ball 1-0: Called Strike 1-1: Ball 2-1: Fly out, F6 (Popup, 6MD)
|
Batting: RHB Vic Langlois
|
0-0: Called Strike 0-1: Ground out 1-3 (Groundball, 13)
|
Bottom of the 7th over - 0 run(s), 0 hit(s), 0 error(s), 1 left on base; Madison 6 - Greenville 4 |
TOP OF THE 8TH |
Madison Bombers batting - Pitching for Greenville 84s : LHP Manuel Herrera
|
Pitching: RHP Dave Smith
|
|
Batting: RHB Sergio Márquez
|
0-0: Ball 1-0: Ball 2-0: Ground out 4-3 (Groundball, 4)
|
Batting: LHB Sixto Cantú
|
0-0: Foul Ball, location: 2F 0-1: Ball 1-1: Called Strike 1-2: Foul Ball, location: 2F 1-2: Strikes out swinging
|
Batting: SHB Ricardo Arévalo
|
0-0: Swinging Strike 0-1: Ball 1-1: Ball 2-1: Foul Ball, location: 2F 2-2: Ball 3-2: SINGLE (Line Drive, 6D)
|
Batting: SHB Dave MacThomas
|
0-0: Called Strike 0-1: Called Strike 0-2: Ball 1-2: Ground out 4-3 (Groundball, 4)
|
Top of the 8th over - 0 run(s), 1 hit(s), 0 error(s), 1 left on base; Madison 6 - Greenville 4 |
BOTTOM OF THE 8TH |
Greenville 84s batting - Pitching for Madison Bombers : RHP Manny Canseco
|
Batting: LHB Brock Larsen
|
0-0: Ball 1-0: Ball 2-0: Swinging Strike 2-1: Ball 3-1: Called Strike 3-2: Strikes out looking
|
Batting: LHB Jimmy Vickers
|
0-0: Ball 1-0: Ball 2-0: Ball 3-0: Called Strike 3-1: Base on Balls
|
Pitching: RHP Alonso Gallardo
|
|
Batting: LHB Kiyonaga Morita
|
0-0: Called Strike 0-1: Ball 1-1: Foul Ball, location: 2F 1-2: Ball 2-2: Foul Ball, location: 2F 2-2: Ball 3-2: Strikes out swinging
|
Batting: SHB Gilberto Guzmán
|
0-0: Ball 1-0: Ball 2-0: Ball 3-0: Called Strike 3-1: Base on Balls Jimmy Vickers to second
|
Pinch Runner at 2nd Gino Canio:
|
|
Batting: LHB Chris Moore
|
0-0: Ball 1-0: Foul Ball, location: 2F 1-1: Ball 2-1: Called Strike 2-2: Ball 3-2: Ground out 5-3 (Groundball, 5)
|
Bottom of the 8th over - 0 run(s), 0 hit(s), 0 error(s), 2 left on base; Madison 6 - Greenville 4 |
TOP OF THE 9TH |
Madison Bombers batting - Pitching for Greenville 84s : RHP Dave Smith
|
Batting: LHB José Feliciano
|
0-0: Ball 1-0: Called Strike 1-1: Swinging Strike 1-2: Ball 2-2: Ball 3-2: Foul Ball, location: 2F 3-2: Foul Ball, location: 2F 3-2: Strikes out swinging
|
Batting: RHB Guo-xiu Choi
|
0-0: Ball 1-0: SOLO HOME RUN (Line Drive, 78XD), Distance : 381 ft
|
Batting: RHB Alonso Holguín
|
0-0: Swinging Strike 0-1: Foul Ball, location: 2F 0-2: Strikes out swinging
|
Batting: LHB Seung-chun Mun
|
0-0: Ball 1-0: Foul Ball, location: 2F 1-1: SINGLE (Line Drive, 4D)
|
Batting: LHB Mike Callahan
|
0-0: Foul Ball, location: 2F 0-1: Ground out 1-3 (Groundball, 25)
|
Top of the 9th over - 1 run(s), 2 hit(s), 0 error(s), 1 left on base; Madison 7 - Greenville 4 |
BOTTOM OF THE 9TH |
Greenville 84s batting - Pitching for Madison Bombers : RHP Alonso Gallardo
|
Pitching: RHP José García
|
|
Batting: LHB Mario Cornelo
|
0-0: Ball 1-0: Ball 2-0: Called Strike 2-1: Foul Ball, location: 2F 2-2: Foul Ball, location: 2F 2-2: DOUBLE (Line Drive, 7LS)
|
Batting: RHB Carlos Torres
|
0-0: Called Strike 0-1: Fly out, F8 (Flyball, 8LXD) Runner from 2nd tags up, SAFE at 3rd, no throw
|
Batting: LHB Paco Rosas
|
0-0: Ball 1-0: Foul Ball, location: 2F 1-1: Ground out U3 (Groundball, 3)
|
Batting: RHB Vic Langlois
|
0-0: Swinging Strike 0-1: Foul Ball, location: 2F 0-2: Ball 1-2: Ball 2-2: Strikes out swinging
|
Bottom of the 9th over - 0 run(s), 1 hit(s), 0 error(s), 1 left on base; Madison 7 - Greenville 4 |
|